 Dungeon Crawl Stone Soup version 0.24.0 (webtiles) character file.

Game seed: 11210998365774373293, levelgen mode: deterministic

109 Faels the Chopper (level 4, -4/35 HPs)
             Began as a Demonspawn Fighter on Feb 18, 2020.
             Killed by divine providence
             ... invoked by an orc priest
              (17 damage)
             ... on level 4 of the Dungeon.
             The game lasted 00:08:36 (2817 turns).

Faels the Chopper (Demonspawn Fighter)              Turns: 2817, Time: 00:08:39

Health: -4/35      AC: 12    Str: 18    XL:     4   Next: 59%
Magic:  4/4        EV:  7    Int:  9    God:
Gold:   198        SH:  8    Dex: 12    Spells: 3/3 levels left

rFire    + . .     SeeInvis .   a - +0 war axe
rCold    . . .     Gourm    .   c - +0 shield
rNeg     . . .     Faith    .   b - +0 scale mail
rPois    .         Spirit   .   (no helmet)
rElec    .         Reflect  .   (no cloak)
rCorr    .         Harm     .   (no gloves)
MR       .....                  g - +0 pair of boots
Stlth    +.........             (no amulet)
HPRegen  0.11/turn              o - ring of protection from fire
MPRegen  0.09/turn              x - +5 ring of protection

@: no status effects
A: nightstalker 1
a: no special abilities


You were on level 4 of the Dungeon.
You were not hungry.

You visited 1 branch of the dungeon, and saw 4 of its levels.

You collected 198 gold pieces.

Inventory:

Hand Weapons
 a - a +0 war axe (weapon)
 i - a +0 spear
 w - a +0 falchion of slicing
Missiles
 u - 16 poisoned darts (quivered)
Armour
 b - a +0 scale mail (worn)
 c - a +0 shield (worn)
 g - a +0 pair of boots (worn)
Jewellery
 o - a ring of protection from fire (left hand)
 x - a +5 ring of protection (right hand)
Scrolls
 e - 2 scrolls of identify
 j - a scroll of remove curse
 k - a scroll of fear {unknown}
 m - a scroll of magic mapping {unknown}
 n - a scroll of noise {unknown}
 p - a scroll of fog {unknown}
 q - 2 scrolls of teleportation
 s - a scroll of blinking {unknown}
 y - a scroll of immolation {unknown}
Potions
 d - 2 potions of might
 h - 2 potions of lignification
 l - 2 potions of berserk rage
 r - a potion of agility
 t - a potion of invisibility {unknown}
 z - a potion of degeneration {unknown}
Comestibles
 f - 12 rations
 v - a chunk of flesh


   Skills:
 - Level 3.0 Fighting
 * Level 4.4 Axes
 - Level 2.6 Armour
 - Level 2.6 Shields


You had 3 spell levels left.
You didn't know any spells.
Your spell library was empty.

Dungeon Overview and Level Annotations

Branches:
Dungeon (4/15)
 Temple: D:4-7

Altars:
Qazlal


Innate Abilities, Weirdness & Mutations

You are slightly more attuned to the shadows.


Message History

The adder skeleton is severely damaged.
You block the adder skeleton's attack.
The adder skeleton bites you but does no damage.
You closely miss the adder skeleton.
The adder skeleton is severely damaged.
The adder skeleton barely misses you.
The orc priest casts a cantrip, but nothing happens.
The orc priest invokes the aid of Beogh against you.
Beogh smites you!
The adder skeleton bites you but does no damage.
You closely miss the orc priest. You slash the adder skeleton!
You destroy the adder skeleton!
The orc priest hits you but does no damage.
You hit the orc priest.
The orc priest is lightly wounded.
The orc priest mumbles some strange prayers to Beogh against you.
Beogh smites you!
The orc priest calls down the wrath of Beogh upon you.
Beogh smites you!
You die...

#.. .. ##.#
...
#..####...
##...#.....
..........
##........
#<.@o.....
#.)......##
#.......##
###...o...
......#..
.......# .
.....#..


You could see 2 orc priests.

Vanquished Creatures
  2 adders (D:2)
  An adder skeleton (D:4)
  2 worms
  2 dart slugs (D:1)
  2 leopard geckos
  4 orcs
  11 bats
  3 giant cockroaches (D:2)
  7 goblins
  11 hobgoblins
  6 kobolds
  2 quokkas
  3 frilled lizards
  A leopard gecko skeleton (D:4)
  9 rats
66 creatures vanquished.

Notes
Turn   | Place    | Note
-------+----------+-------------------------------------------
     0 | D:1      | Faels the Demonspawn Fighter began the quest for the Orb.
     0 | D:1      | Reached XP level 1. HP: 18/18 MP: 1/1
    22 | D:1      | Reached skill level 2 in Axes
   155 | D:1      | Gained mutation: You are slightly more attuned to the
                  | shadows. [demonic ancestry]
   155 | D:1      | Reached XP level 2. HP: 12/24 MP: 2/2
   502 | D:1      | Reached skill level 3 in Axes
   786 | D:2      | Reached XP level 3. HP: 28/29 MP: 3/3
  1652 | D:2      | Found a stormy altar of Qazlal.
  1681 | D:2      | Reached skill level 4 in Axes
  1681 | D:2      | Reached XP level 4. HP: 35/35 MP: 4/4
  2817 | D:4      | Killed from afar by an orc priest

Levels and vault maps discovered:
D:1:      scummos_arrival_simple_crosswalls, layout_basic,
          minmay_misc_feat_five, minmay_misc_feat_square
D:2:      layout_basic, first_ration, grunt_qazlal_sundering
D:3:      layout_basic
D:4:      layout_cave_pools, uniq_natasha
